3L
RICHARDSON CITY THUNDERCATS @ OAKLAND OAKS
09/15/2019
 
TOP OF THE 1ST
Richardson City Thundercats batting - Pitching for Oakland Oaks : RHP Dave Mitchell
Pitching: RHP Dave Mitchell
Batting: RHB Robert O'Connor 0-0: Foul Ball, location: 2F
0-1: Foul Ball, location: 2F
0-2: Foul Ball, location: 2F
0-2: Strikes out looking
Pitching: RHP Paul O'Callahan
Batting: LHB Terrence Eler 0-0: Ball
1-0: Foul Ball, location: 2F
1-1: Swinging Strike
1-2: Ball
2-2: Ground out 4-3 (Groundball, 4)
Batting: RHB Joey Jones 0-0: Ball
1-0: Ball
2-0: Ball
3-0: Base on Balls
Batting: LHB Andrés Ibarra 0-0: Called Strike
0-1: Ball
1-1: Ball
2-1: SINGLE (Groundball, 34D)
Joey Jones to second
Runner from 2nd tries for 3rd, SAFE, throw made to third
Pinch Runner at 3rd Edmund Gallagher:
Batting: RHB Jonathan Cook 0-0: Ball
1-0: Swinging Strike
1-1: Ball
2-1: Foul Ball, location: 2F
2-2: Foul Ball, location: 2F
2-2: Ball
3-2: Fly out, F8 (Flyball, 8RM)
Top of the 1st over - 0 run(s), 1 hit(s), 0 error(s), 2 left on base; Richardson City 0 - Oakland 0
BOTTOM OF THE 1ST
Oakland Oaks batting - Pitching for Richardson City Thundercats : LHP Javier Ramírez
Pitching: LHP Javier Ramírez
Now in CF: Edmund Gallagher
Batting: RHB Miguel Fernández 0-0: Swinging Strike
0-1: Ball
1-1: Called Strike
1-2: Strikes out swinging
Batting: SHB Eugene Parrish 0-0: Ball
1-0: Called Strike
1-1: Swinging Strike
1-2: Ground out 6-3 (Groundball, 6)
Batting: RHB Chandler Bailey 0-0: Ball
1-0: Foul Ball, location: 2F
1-1: Ball
2-1: Ball
3-1: SINGLE (Line Drive, 8LS)
Batting: RHB Aurelio Vázquez 0-0: Called Strike
0-1: Ball
1-1: Ball
2-1: Ball
3-1: Fly out, F8 (Flyball, 8RD)
Bottom of the 1st over - 0 run(s), 1 hit(s), 0 error(s), 1 left on base; Richardson City 0 - Oakland 0
TOP OF THE 2ND
Richardson City Thundercats batting - Pitching for Oakland Oaks : RHP Paul O'Callahan
Batting: RHB Charles Jordan 0-0: SINGLE (Groundball, 34D)
Batting: RHB Jorge Gómez 0-0: Ball
1-0: Fly out, F3 (Popup, 3D)
Batting: LHB Javier Ramírez 0-0: Sac Bunt - play at first, batter OUT! 1-4
Charles Jordan to second
Batting: RHB Ray Porch 0-0: Called Strike
0-1: Ball
1-1: Foul Ball, location: 2F
1-2: Fly out, F5 (Popup, 5F)
Top of the 2nd over - 0 run(s), 1 hit(s), 0 error(s), 1 left on base; Richardson City 0 - Oakland 0
BOTTOM OF THE 2ND
Oakland Oaks batting - Pitching for Richardson City Thundercats : LHP Javier Ramírez
Batting: RHB Wilber Moon 0-0: Swinging Strike
0-1: Ball
1-1: Called Strike
1-2: Strikes out swinging
Batting: RHB Chae-hyeong Kim 0-0: Swinging Strike
0-1: Ball
1-1: Called Strike
1-2: Foul Ball, location: 2F
1-2: Strikes out swinging
Batting: RHB Alden Wiley 0-0: Ball
1-0: Called Strike
1-1: Foul Ball, location: 2F
1-2: Ball
2-2: Foul Ball, location: 2F
2-2: Ball
3-2: Base on Balls
Batting: RHB Eric Murti 0-0: Ball
1-0: Called Strike
1-1: Ball
2-1: Foul Ball, location: 2F
2-2: Strikes out swinging
Bottom of the 2nd over - 0 run(s), 0 hit(s), 0 error(s), 1 left on base; Richardson City 0 - Oakland 0
TOP OF THE 3RD
Richardson City Thundercats batting - Pitching for Oakland Oaks : RHP Paul O'Callahan
Batting: RHB Robert O'Connor 0-0: Foul Ball, location: 2F
0-1: Swinging Strike
0-2: Ball
1-2: Foul Ball, location: 2F
1-2: Ball
2-2: Strikes out swinging
Batting: LHB Terrence Eler 0-0: Foul Ball, location: 2F
0-1: Ball
1-1: Swinging Strike
1-2: Ball
2-2: SINGLE (Line Drive, 56)
Batting: RHB Edmund Gallagher 0-0: Called Strike
0-1: Fly out, F6 (Line Drive, 6M)
0-1: Fly out, F6 (Line Drive, 6M)
Batting: LHB Andrés Ibarra 0-0: Ball
1-0: Ball
2-0: Ball
3-0: Base on Balls
Terrence Eler to second
Batting: RHB Jonathan Cook Balk!
Terrence Eler to third
Andrés Ibarra to second
0-0: Called Strike
0-1: Ball
1-1: Ground out 4-3 (Groundball, 4)
Top of the 3rd over - 0 run(s), 1 hit(s), 0 error(s), 2 left on base; Richardson City 0 - Oakland 0
BOTTOM OF THE 3RD
Oakland Oaks batting - Pitching for Richardson City Thundercats : LHP Javier Ramírez
Batting: RHB Paul O'Callahan 0-0: Ball
1-0: Ground out 5-3 (Groundball, 56)
Batting: RHB Miguel Fernández 0-0: Called Strike
0-1: DOUBLE (Line Drive, 5L)
Batting: SHB Eugene Parrish 0-0: Called Strike
0-1: Swinging Strike
0-2: Ground out 6-3 (Groundball, 6M)
Miguel Fernández to third
Batting: RHB Chandler Bailey 0-0: Foul Ball, location: 2F
0-1: Ball
1-1: Ball
2-1: Ball
3-1: Base on Balls
Batting: RHB Aurelio Vázquez 0-0: Foul Ball, location: 2F
0-1: Called Strike
0-2: SINGLE (Line Drive, 6MD)
Miguel Fernández scores
Chandler Bailey to second
Batting: RHB Wilber Moon 0-0: Ground out 1-3 (Groundball, 15)
Bottom of the 3rd over - 1 run(s), 2 hit(s), 0 error(s), 2 left on base; Richardson City 0 - Oakland 1
TOP OF THE 4TH
Richardson City Thundercats batting - Pitching for Oakland Oaks : RHP Paul O'Callahan
Batting: RHB Charles Jordan 0-0: Swinging Strike
0-1: Ball
1-1: SINGLE (Flyball, 89S)
Batting: RHB Jorge Gómez 0-0: Ball
1-0: Swinging Strike
1-1: Foul Ball, location: 2F
1-2: Foul Ball, location: 2F
1-2: Ball
2-2: Ball
3-2: Foul Ball, location: 2F
3-2: SINGLE (Line Drive, 9S)
Charles Jordan to second
Charles Jordan to third
Batting: LHB Javier Ramírez 0-0: Sac Bunt - play at first, batter OUT! 1-4
Jorge Gómez to second
Batting: RHB Ray Porch 0-0: Ball
1-0: Foul Ball, location: 2F
1-1: Ball
2-1: Ball
3-1: Called Strike
3-2: Base on Balls
Batting: RHB Robert O'Connor 0-0: Ball
1-0: Fly out, F7 (Flyball, 78D)
Runner from 3rd tags up, SCORES, no throw
Batting: LHB Terrence Eler 0-0: Foul Ball, location: 2F
0-1: Foul Ball, location: 2F
0-2: Fly out, F7 (Flyball, 7D)
Top of the 4th over - 1 run(s), 2 hit(s), 0 error(s), 2 left on base; Richardson City 1 - Oakland 1
BOTTOM OF THE 4TH
Oakland Oaks batting - Pitching for Richardson City Thundercats : LHP Javier Ramírez
Batting: RHB Chae-hyeong Kim 0-0: Ball
1-0: Ball
2-0: Called Strike
2-1: Ball
3-1: Base on Balls
Batting: RHB Alden Wiley 0-0: Ball
1-0: Called Strike
1-1: Ball
2-1: Called Strike
2-2: Strikes out swinging
Batting: RHB Eric Murti 0-0: Called Strike
0-1: Ball
1-1: Fly out, F6 (Line Drive, 6)
Pinch Hitting: LHB Johnny Hernández 0-0: Fly out, F8 (Flyball, 8LS)
Bottom of the 4th over - 0 run(s), 0 hit(s), 0 error(s), 1 left on base; Richardson City 1 - Oakland 1
TOP OF THE 5TH
Richardson City Thundercats batting - Pitching for Oakland Oaks : RHP Paul O'Callahan
Pitching: LHP Jared Cox
Batting: RHB Edmund Gallagher 0-0: Swinging Strike
0-1: Ball
1-1: Foul Ball, location: 2F
1-2: Fly out, F7 (Flyball, 78M)
Batting: LHB Andrés Ibarra 0-0: Ball
1-0: Ball
2-0: Foul Ball, location: 2F
2-1: Swinging Strike
2-2: Ball
3-2: Strikes out swinging
Batting: RHB Jonathan Cook 0-0: Ball
1-0: Ball
2-0: Ground out 1-3 (Groundball, 13S)
Top of the 5th over - 0 run(s), 0 hit(s), 0 error(s), 0 left on base; Richardson City 1 - Oakland 1
BOTTOM OF THE 5TH
Oakland Oaks batting - Pitching for Richardson City Thundercats : LHP Javier Ramírez
Batting: RHB Miguel Fernández 0-0: Ball
1-0: Swinging Strike
1-1: Swinging Strike
1-2: Ball
2-2: Ball
3-2: Strikes out looking
Batting: SHB Eugene Parrish 0-0: Foul Ball, location: 2F
0-1: Swinging Strike
0-2: Strikes out looking
Batting: RHB Chandler Bailey 0-0: Called Strike
0-1: Swinging Strike
0-2: Ball
1-2: Ball
2-2: Foul Ball, location: 2F
2-2: Ground out 6-3 (Groundball, 6)
Bottom of the 5th over - 0 run(s), 0 hit(s), 0 error(s), 0 left on base; Richardson City 1 - Oakland 1
TOP OF THE 6TH
Richardson City Thundercats batting - Pitching for Oakland Oaks : LHP Jared Cox
Batting: RHB Charles Jordan 0-0: Called Strike
0-1: Foul Ball, location: 2F
0-2: Hit by Pitch
Batting: RHB Jorge Gómez 0-0: Ball
1-0: Ball
2-0: Fly out, F8 (Flyball, 8RD)
Batting: LHB Javier Ramírez 0-0: Ball
1-0: Sac Bunt - play at first, batter OUT! 5-4
Charles Jordan to second
Batting: RHB Ray Porch 0-0: Ball
1-0: Ball
2-0: Ball
3-0: Called Strike
3-1: Base on Balls
Batting: RHB Robert O'Connor 0-0: Ball
1-0: Ball
2-0: Swinging Strike
2-1: Called Strike
2-2: Foul Ball, location: 2F
2-2: Ball
3-2: Base on Balls
Charles Jordan to third
Ray Porch to second
Batting: LHB Terrence Eler 0-0: Ball
1-0: Swinging Strike
1-1: Ball
2-1: Ball
3-1: Foul Ball, location: 2F
3-2: Foul Ball, location: 2F
3-2: GRAND SLAM HOME RUN (Flyball, 9LD), Distance : 357 ft
Batting: RHB Edmund Gallagher 0-0: Ball
1-0: Foul Ball, location: 2F
1-1: Ball
2-1: SINGLE (Line Drive, 9LM)
Pitching: RHP Luke Merkley
Batting: LHB Andrés Ibarra 0-0: Called Strike
0-1: Ball
1-1: Fly out, F7 (Flyball, 7S)
Top of the 6th over - 4 run(s), 2 hit(s), 0 error(s), 1 left on base; Richardson City 5 - Oakland 1
BOTTOM OF THE 6TH
Oakland Oaks batting - Pitching for Richardson City Thundercats : LHP Javier Ramírez
Batting: RHB Aurelio Vázquez 0-0: Ball
1-0: Foul Ball, location: 2F
1-1: Foul Ball, location: 2F
1-2: Ball
2-2: Ball
3-2: Strikes out swinging
Batting: RHB Wilber Moon 0-0: Ball
1-0: Ground out 6-3 (Groundball, 6)
Batting: RHB Chae-hyeong Kim 0-0: Ball
1-0: SINGLE (Groundball, 6D)
Batting: RHB Alden Wiley 0-0: Ball
1-0: Ground out 6-3 (Groundball, 56)
Bottom of the 6th over - 0 run(s), 1 hit(s), 0 error(s), 1 left on base; Richardson City 5 - Oakland 1
TOP OF THE 7TH
Richardson City Thundercats batting - Pitching for Oakland Oaks : RHP Luke Merkley
Batting: RHB Jonathan Cook 0-0: Called Strike
0-1: Ball
1-1: Swinging Strike
1-2: Strikes out swinging
Batting: RHB Charles Jordan 0-0: Called Strike
0-1: Foul Ball, location: 2F
0-2: Ball
1-2: Ball
2-2: Ball
3-2: Base on Balls
Batting: RHB Jorge Gómez 0-0: Ball
Charles Jordan steals 2nd base
1-0: Swinging Strike
1-1: Ball
Wild Pitch!
Charles Jordan to third
2-1: Foul Ball, location: 2F
2-2: Fly out, F8 (Flyball, 8LD)
Runner from 3rd tags up, SCORES, no throw
Batting: LHB Javier Ramírez 0-0: Ball
1-0: SINGLE (Line Drive, 8LS)
Batting: RHB Ray Porch 0-0: Called Strike
0-1: Foul Ball, location: 2F
0-2: Strikes out swinging
Top of the 7th over - 1 run(s), 1 hit(s), 0 error(s), 1 left on base; Richardson City 6 - Oakland 1
BOTTOM OF THE 7TH
Oakland Oaks batting - Pitching for Richardson City Thundercats : LHP Javier Ramírez
Now at 1B: Manuel Romo
Now at 3B: Fernando López
Batting: RHB Eric Murti 0-0: Called Strike
0-1: Foul Ball, location: 2F
0-2: Strikes out looking
Pinch Hitting: LHB Monte Pollard 0-0: Ball
1-0: Foul Ball, location: 2F
1-1: Foul Ball, location: 2F
1-2: Foul Ball, location: 2F
1-2: Strikes out swinging
Batting: RHB Miguel Fernández 0-0: Foul Ball, location: 2F
0-1: SINGLE (Line Drive, 89S)
Batting: SHB Eugene Parrish 0-0: Swinging Strike
0-1: Ball
1-1: Fly out, F8 (Flyball, 89S)
Bottom of the 7th over - 0 run(s), 1 hit(s), 0 error(s), 1 left on base; Richardson City 6 - Oakland 1
TOP OF THE 8TH
Richardson City Thundercats batting - Pitching for Oakland Oaks : RHP Luke Merkley
Pitching: LHP John Keller
Batting: RHB Robert O'Connor 0-0: Called Strike
0-1: Swinging Strike
0-2: Foul Ball, location: 2F
0-2: Strikes out swinging
Batting: LHB Terrence Eler 0-0: Swinging Strike
0-1: Foul Ball, location: 2F
0-2: Strikes out swinging
Batting: RHB Edmund Gallagher 0-0: Ball
1-0: Ball
2-0: Fly out, F4 (Line Drive, 4M)
Top of the 8th over - 0 run(s), 0 hit(s), 0 error(s), 0 left on base; Richardson City 6 - Oakland 1
BOTTOM OF THE 8TH
Oakland Oaks batting - Pitching for Richardson City Thundercats : LHP Javier Ramírez
Batting: RHB Chandler Bailey 0-0: Foul Ball, location: 2F
0-1: Foul Ball, location: 2F
Single, Error in OF, E9, batter to second base
Batting: RHB Aurelio Vázquez 0-0: Called Strike
0-1: Foul Ball, location: 2F
0-2: Strikes out swinging
Pitching: LHP Augusto Jaramillo
Batting: RHB Wilber Moon 0-0: Ball
1-0: Ball
2-0: Fly out, F3 (Popup, 3F)
Batting: RHB Chae-hyeong Kim 0-0: Called Strike
0-1: Ball
1-1: Swinging Strike
1-2: Strikes out swinging
Bottom of the 8th over - 0 run(s), 1 hit(s), 1 error(s), 1 left on base; Richardson City 6 - Oakland 1
TOP OF THE 9TH
Richardson City Thundercats batting - Pitching for Oakland Oaks : LHP John Keller
Pitching: RHP Robert Anderson
Batting: RHB Manuel Romo 0-0: Ball
1-0: Called Strike
1-1: Ball
2-1: Swinging Strike
2-2: SINGLE (Groundball, 5L)
Batting: RHB Jonathan Cook 0-0: Ball
1-0: Ground out 6-3 (Groundball, 6MS)
Manuel Romo to second
Batting: RHB Charles Jordan 0-0: Ball
1-0: Ground out U3 (Groundball, 3)
Manuel Romo to third
Batting: RHB Fernando López 0-0: Ball
1-0: Foul Ball, location: 2F
1-1: Swinging Strike
1-2: SINGLE (Groundball, 5D) (infield hit)
Manuel Romo scores
Pinch Hitting: RHB Júlio Morín 0-0: SINGLE (Groundball, 34)
Fernando López to second
Runner from 2nd tries for 3rd, SAFE, throw made to third
Batting: RHB Ray Porch 0-0: Ball
1-0: Fly out, F9 (Flyball, 89M)
Top of the 9th over - 1 run(s), 3 hit(s), 0 error(s), 2 left on base; Richardson City 7 - Oakland 1
BOTTOM OF THE 9TH
Oakland Oaks batting - Pitching for Richardson City Thundercats : LHP Augusto Jaramillo
Pitching: RHP Dave Reed
Batting: RHB Alden Wiley 0-0: Ball
1-0: Called Strike
1-1: Swinging Strike
1-2: Strikes out swinging
Batting: RHB Eric Murti 0-0: Foul Ball, location: 2F
0-1: Foul Ball, location: 2F
0-2: Ball
1-2: Ground out 5-3 (Groundball, 15S)
Pinch Hitting: LHB Edwin Church 0-0: Called Strike
0-1: Ground out 1-3 (Groundball, 13S)
Bottom of the 9th over - 0 run(s), 0 hit(s), 0 error(s), 0 left on base; Richardson City 7 - Oakland 1
This league is powered by Out of the Park Baseball, the baseball management simulation game for PC, Mac and Linux
Saturday, July 25th, 2015 - OOTP Baseball 15.6 Build 34